 Dungeon Crawl Stone Soup version 0.21-a0-78-g82a99e0 (webtiles) character file.

78 4thArraOfDagon the Sneak (level 4, -13/18 HPs)
             Began as a Felid Summoner on June 21, 2017.
             Was an Initiate of Cheibriados.
             Shot with an arrow by a centaur (16 damage)
             ... on level 5 of the Dungeon.
             The game lasted 00:08:48 (1146 turns).

4thArraOfDagon the Sneak (Felid Summoner)           Turns: 1146, Time: 00:08:49

Health: -13/18     AC:  1    Str:  5    XL:     4   Next: 15%
Magic:  6/8        EV: 18    Int: 18    God:    Cheibriados [......]
Gold:   49         SH:  0    Dex: 17    Spells: 3/7 levels left
                                        Lives:  0   Deaths: 1

rFire    . . .     SeeInvis +     - Unarmed
rCold    . . .     Gourm    .   (shield unavailable)
rNeg     . . .     Faith    .   (armour unavailable)
rPois    .         Spirit   .   (helmet unavailable)
rElec    .         Reflect  .   (cloak unavailable)
rCorr    .         Harm     .   (gloves unavailable)
MR       .....                  (boots unavailable)
Stlth    +++.......             (no amulet)
HPRegen  0.06/turn              (no ring)
MPRegen  0.11/turn              (no ring)

@: lethally poisoned (-13 -> -19), slow
A: no armour, no weapons or thrown items, stealth, claws 1, fangs 3, see
invisible, carnivore 3, speed 1, shaggy fur 1, slow metabolism 1, sharp paws
a: Bend Time, Renounce Religion


You were on level 5 of the Dungeon.
You worshipped Cheibriados.
Cheibriados was noncommittal.
You were completely stuffed.

You visited 2 branches of the dungeon, and saw 6 of its levels.

You collected 49 gold pieces.

Inventory:

Scrolls
 c - a scroll of enchant weapon {unknown}
 e - 2 scrolls of identify {unknown}
 g - a scroll of enchant armour
 h - a scroll of remove curse {unknown}
Books
 a - a book of Callings

   Spells                             Type                      Level
   a - Summon Small Mammal            Summoning                    1
   b - Call Imp                       Summoning                    2
   c - Call Canine Familiar           Summoning                    3
   d - Summon Guardian Golem          Hexes/Summoning              3
   e - Summon Lightning Spire         Summoning/Air                4
   f - Summon Ice Beast               Ice/Summoning                4
Comestibles
 b - 2 meat rations


   Skills:
 - Level 3.0 Dodging
 + Level 4.9 Stealth
 * Level 3.2 Unarmed Combat
 - Level 2.0 Spellcasting
 - Level 4.0 Summonings


You had 3 spell levels left.
You knew the following spells:

 Your Spells              Type           Power        Failure   Level  Hunger
a - Summon Small Mammal   Summ           ###.         3%          1    #......
b - Call Canine Familiar  Summ           ###.....     11%         3    ###....


Dungeon Overview and Level Annotations

Branches:
Dungeon (5/15)             Temple (1/1) D:5

Altars:
Cheibriados
Hepliaklqana
Okawaru
Xom
The Shining One

Portals:
Sewer: D:5

Annotations:
D:2 Natasha
D:3 KristoblXynda's ghost, amateur DsWr; Terence


Innate Abilities, Weirdness & Mutations

You cannot wear armour.
You are incapable of wielding weapons or throwing items.
Your paws allow you to move quietly. (Stealth)
You have sharp claws.
You have razor-sharp teeth.
You have supernaturally acute eyesight. (SInv)
You are carnivorous and can eat meat at any time.
You cover ground quickly.
You are covered in fur. (AC +1)
You have a slow metabolism.
Your sharp claws are effective at attacking unaware monsters.


Message History

The centaur shoots an arrow.
The arrow hits your hound!
Your hound dies!
Your hound's corpse disappears in a puff of smoke!
The centaur shoots an arrow.
The arrow barely misses you.
You hear the sound of rushing water.
There is an entrance to a sewer on this level.
Hurry and find it before the portal rusts away!
Welcome back, 4thArraOfDagon the Felid Summoner.
Cheibriados says: Take it easy.
Press ? for a list of commands and other information.
Unknown command.
Unknown command.
Unknown command.
Unknown command.
As you read the scroll labeled ULALEPN LOENN, it crumbles to dust.
It is a scroll of recharging.
You aren't carrying any rechargeable items.
You hear the slow rusting of a drain.
The centaur shoots an arrow.
The arrow hits you!
Ouch! That really hurt!
You die...

,,,,,****#..#≈≈≈≈≈≈≈#............
,,,⌠,* #...≈≈≈≈≈≈≈..c#.........
<,,,,* *...≈≈≈∩≈≈≈...#c........
,,,,** *#.≈≈≈≈≈≈≈≈≈............
,,,** #.#≈≈≈≈≈≈≈#..##########
**** #...≈≈≈≈≈..†.#
*#.S#≈..#....# *#....((...##
####@.†..## #######


You could see a centaur and a ball python.

Vanquished Creatures
  2 adders
  A dart slug (D:2)
  3 bats
  A giant cockroach (D:2)
  2 goblins
  2 frilled lizards (D:2)
  A kobold (D:2)
  A quokka skeleton (D:4)
  6 rats
19 creatures vanquished.

Vanquished Creatures (collateral kills)
  An ogre (D:5)
  A crimson imp (D:5)
  2 adders
  A goblin (D:2)
  2 ball pythons
  A kobold (D:2)
8 creatures vanquished.

Grand Total: 27 creatures vanquished

Notes
Turn   | Place    | Note
-------+----------+-------------------------------------------
     0 | D:1      | 4thArraOfDagon the Felid Summoner began the quest for the Orb.
     0 | D:1      | Reached XP level 1. HP: 7/7 MP: 4/4
   346 | D:2      | Noticed Natasha
   349 | D:2      | Noticed a crimson imp
   350 | D:2      | Noticed an iron imp
   360 | D:2      | Reached XP level 2. HP: 8/11 MP: 4/6
   422 | D:2      | Reached skill level 1 in Unarmed Combat
   666 | D:3      | Noticed Terence
   727 | D:3      | Reached XP level 3. HP: 7/14 MP: 2/7
   732 | D:3      | Learned a level 3 spell: Call Canine Familiar
   805 | D:3      | Noticed KristoblXynda's ghost (amateur DsWr)
   886 | D:4      | Noticed a bullfrog
   888 | D:5      | Entered Level 5 of the Dungeon
   888 | D:5      | Noticed a centaur
   898 | D:5      | Noticed an ogre
   917 | D:5      | Killed an ogre
   917 | D:5      | Reached XP level 4. HP: 9/18 MP: 0/8
   955 | D:5      | Noticed a centaur
   971 | D:5      | Shot with an arrow by a centaur
   972 | D:5      | Reached XP level 3. HP: -2/14 MP: 0/7
  1045 | D:5      | Reached XP level 4. HP: 13/18 MP: 5/8
  1049 | D:5      | Found a staircase to the Ecumenical Temple.
  1058 | Temple   | Entered the Ecumenical Temple
  1080 | Temple   | Became a worshipper of Cheibriados the Contemplative
  1128 | D:5      | Found a glowing drain.
  1146 | D:5      | tidbits: extra lives?
  1146 | D:5      | Shot with an arrow by a centaur

Vault maps used:
D:1:      nicolae_arrival_memento_mori, minmay_misc_feat_four_crosses,
          minmay_misc_feat_diagonals
D:2:      uniq_natasha, uniq_robin
D:3:      uniq_grinder, uniq_terence, uniq_sigmund
D:4:      serial_bayou_crossing, uniq_pikel
D:5:      minmay_temple_entry_fiery, serial_shops, shop_statue,
          cheibrodos_sewer_entry_drain, first_bread, grunt_ministairs_10
Temple:   minmay_crystal_snake_temple

Skill      XL: |  1  2  3 |
---------------+----------+-----
Dodging        | 3 |  3.0
Stealth        | 3 4 |  4.9
Unarmed Combat | 1 3 |  3.2
Spellcasting   | |  2.0
Summonings     | |  4.0

Action                   |  1- 3 |  4- 6 || total
-------------------------+-------+-------++-------
Melee: Unarmed           |    63 |     5 ||    68
       Bite              |     7 |     1 ||     8
       Punch             |     1 |       ||     1
 Cast: Summon Small Mamm |    14 |     2 ||    16
       Call Canine Famil |     3 |     2 ||     5
  Use: Potion            |     1 |       ||     1
       Scroll            |     3 |     3 ||     6
 Stab: Sleeping          |     7 |       ||     7
  Eat: Chunk             |    11 |     2 ||    13
Dodge: Dodged            |    48 |     5 ||    53
